 Dungeon Crawl Stone Soup version 0.26-a0-1138-gef23d1325b (webtiles) character file.

Game seed: 1834793319900119603

708086 Adamkad1 the Impregnable (level 27, -27/244 HPs)
             Began as a Formicid Fighter on Dec 19, 2020.
             Was an Initiate of Gozag.
             Annihilated by a seraph
             ... wielding a +7 great sword of flaming
              (35 damage)
             ... in Pandemonium on Dec 21, 2020.
             The game lasted 05:11:10 (110077 turns).

Adamkad1 the Impregnable (Formicid Fighter)       Turns: 110077, Time: 05:11:10

Health: -27/244    AC: 41    Str: 32      XL:     27
Magic:  10/10      EV: 10    Int: 13 (14) God:    Gozag
Gold:   873        SH:  0    Dex: 12      Spells: 12/35 levels left

rFire    + . .     SeeInvis +   W - +8 whip of the Vaults {antimagic, rPois rF- rC++ Str+2}
rCold    + + +     Faith    .   P - +6 tower shield {rC+}
rNeg     + . .     Spirit   .   T - +8 plate armour "Tefes" {+Blink rPois rF+ Str-3}
rPois    +         Reflect  +   (helmet unavailable)
rElec    +         Harm     .   l - +0 cloak of Weirdness {Slay+3}
rCorr    +         Rampage  .   r - +1 pair of gloves of the Old World {rCorr Str-3 Int+5 Stlth+}
Will     ++...                  Q - +2 pair of boots {Fly}
Stlth    ..........             J - amulet of reflection
HPRegen  0.50/turn              H - ring "Tuigh" {+Fly rElec rPois Slay+4}
MPRegen  0.12/turn              V - ring of Neigob {+Inv rN+ Str+3 SInv}

@: confused, resistant, flying, glowing, studying Bows, bribing [Pandemonium]
A: permanent stasis, dig shafts and tunnels, four strong arms, antennae 3, thin
skeletal structure 1, yellow scales 1, blurry vision 3, deterioration 1,
screaming 1, sturdy frame 1
}: 5/15 runes: decaying, slimy, silver, abyssal, gossamer
a: Dig, Stop Flying, Renounce Religion, Evoke Invisibility, Potion Petition,
Call Merchant, Bribe Branch


You were in Pandemonium.
You worshipped Gozag.
Gozag was pleased with you.
You visited 11 branches of the dungeon, and saw 53 of its levels.
You visited Pandemonium 1 time, and saw 3 of its levels.
You visited the Abyss 1 time.
You visited 1 bazaar.
You also visited: Trove, Gauntlet and Wizlab.

You collected 42074 gold pieces.
You spent 11580 gold pieces at shops.
You paid 29621 gold pieces to Gozag.

Inventory:

Hand Weapons
 f - a +9 eveningstar of holy wrath
 W - the +8 whip of the Vaults (weapon) {antimagic, rPois rF- rC++ Str+2}
   (You found it on level 5 of the Pits of Slime)

   It reduces the magical energy of the wielder, and disrupts the spells and
   magical abilities of those hit.
   Natural abilities and divine invocations are not affected.
   It affects your strength (+2).
   It makes you vulnerable to fire.
   It greatly protects you from cold.
   It protects you from poison.
 Z - the +3 flail "Qip Zoj" {drain, rN+++ Str+2 Int+4 SInv}
   (You took it off a minotaur in a Gauntlet)

   A truly terrible weapon, it drains the life of those it strikes.
   It affects your strength (+2).
   It affects your intelligence (+4).
   It renders you almost immune to negative energy.
   It lets you see invisible.
Armour
 d - a +2 tower shield of fire resistance
 l - the +0 cloak of Weirdness (worn) {Slay+3}
   (You bought it in a shop on level 1 of the Elven Halls)

   It affects your accuracy and damage with ranged weapons and melee attacks
   (+3).
 r - the +1 pair of gloves of the Old World (worn) {rCorr Str-3 Int+5 Stlth+}
   (You acquired it on level 1 of the Depths)

   It affects your strength (-3).
   It affects your intelligence (+5).
   It provides partial protection from all sources of acid and corrosion.
   It makes you more stealthy.
 P - a +6 tower shield of cold resistance (worn)
 Q - a +2 pair of boots of flying (worn)
 T - the +8 plate armour "Tefes" (worn) {+Blink rPois rF+ Str-3}
   (You found it on level 1 of the Crypt)

   It affects your strength (-3).
   It protects you from fire.
   It protects you from poison.
   It lets you blink.
Jewellery
 p - the ring "Juli" {+Fly rC+ rCorr}
   (You bought it in a shop in a bazaar)

   [ring of resist corrosion]

   It protects you from cold.
   It lets you fly.
   It provides partial protection from all sources of acid and corrosion.
 x - the amulet of Wuwnuff {RegenMP rElec rF++}
   (You bought it in a shop on level 5 of the Lair of Beasts)

   [amulet of magic regeneration]

   It increases your magic regeneration.
   It greatly protects you from fire.
   It insulates you from electricity.
 E - the ring "Ymamo Zeumm" {+Blink rN+ MP+9}
   (You found it in a treasure trove)

   [ring of positive energy]

   It protects you from negative energy.
   It affects your magic capacity (+9).
   It lets you blink.
 H - the ring "Tuigh" (left hand) {+Fly rElec rPois Slay+4}
   (You found it in a treasure trove)

   [ring of slaying]

   It affects your accuracy and damage with ranged weapons and melee attacks
   (+4).
   It insulates you from electricity.
   It protects you from poison.
   It lets you fly.
 J - an amulet of reflection (around neck)
 V - the ring of Neigob (right hand) {+Inv rN+ Str+3 SInv}
   (You bought it in a shop on level 5 of the Lair of Beasts)

   [ring of positive energy]

   It affects your strength (+3).
   It protects you from negative energy.
   It lets you see invisible.
   It lets you turn invisible.
Wands
 k - a wand of iceblast (124)
 m - a wand of paralysis (8)
 u - a wand of acid (34)
 w - a wand of enslavement (51)
 z - a wand of polymorph (20)
Scrolls
 b - 2 scrolls of brand weapon
 i - 5 scrolls of enchant armour
 j - 6 scrolls of identify
 q - 33 scrolls of remove curse
 y - 6 scrolls of amnesia
 A - 7 scrolls of magic mapping
 C - 10 scrolls of fear
 D - 7 scrolls of enchant weapon
 G - 4 scrolls of summoning
 S - 7 scrolls of fog
Potions
 a - 2 potions of invisibility
 c - 10 potions of ambrosia
 h - 39 potions of curing
 o - 2 potions of mutation
 t - 7 potions of might
 v - 5 potions of resistance
 R - 3 potions of brilliance
 Y - 4 potions of cancellation
Books
 L - a manual of Bows
Miscellaneous
 n - a phial of floods
 B - a condenser vane
 I - a lightning rod (4/4)
 K - a phantom mirror


   Skills:
 * Level 25.6 Fighting
 * Level 25.3(25.5) Maces & Flails
 - Level 6.1(18.2) Staves
 * Level 26.8 Armour
 + Level 26.4 Shields
 + Level 4.9 Spellcasting
 + Level 7.6 Transmutations
 + Level 17.6 Evocations


You had 12 spell levels left.
You knew the following spells:

 Your Spells              Type           Power        Failure   Level
a - Apportation           Tloc           6%           38%         1
b - Passwall              Tmut/Erth      10%          13%         2
c - Frozen Ramparts       Ice            6%           77%         3
d - Vampiric Draining     Necr           1%           77%         3
e - Ozocubu's Armour      Ice            3%           77%         3
f - Lesser Beckoning      Tloc           1%           77%         3
g - Teleport Other        Tloc           3%           77%         3
h - Silence               Hex/Air        1%           100%        5

Your spell library contained the following spells:

 Spells                   Type           Power        Failure   Level
 Animate Skeleton         Necr           6%           38%         1
 Corona                   Hex            3%           38%         1
 Foxfire                  Conj/Fire      12%          38%         1
 Freeze                   Ice            12%          38%         1
 Magic Dart               Conj           12%          38%         1
 Pain                     Necr           12%          38%         1
 Sandblast                Erth           6%           38%         1
 Shock                    Conj/Air       12%          38%         1
 Summon Small Mammal      Summ           12%          38%         1
 Ignite Poison            Fire/Tmut/Pois 9%           38%         3
 Call Imp                 Summ           3%           52%         2
 Corpse Rot               Necr/Air       N/A          52%         2
 Ensorcelled Hibernation  Hex/Ice        6%           52%         2
 Poisonous Vapours        Pois/Air       6%           52%         2
 Searing Ray              Conj           6%           52%         2
 Slow                     Hex            3%           52%         2
 Sublimation of Blood     Necr           1%           52%         2
 Petrify                  Tmut/Erth      13%          63%         4
 Call Canine Familiar     Summ           3%           77%         3
 Confusing Touch          Hex            3%           77%         3
 Conjure Flame            Conj/Fire      3%           77%         3
 Dazzling Flash           Conj/Hex       6%           77%         3
 Gell's Gravitas          Tloc           1%           77%         3
 Inner Flame              Hex/Fire       3%           77%         3
 Mephitic Cloud           Conj/Pois/Air  3%           77%         3
 Portal Projectile        Hex/Tloc       6%           77%         3
 Static Discharge         Conj/Air       3%           77%         3
 Stone Arrow              Conj/Erth      6%           77%         3
 Tukima's Dance           Hex            3%           77%         3
 Alistair's Intoxication  Tmut/Pois      8%           93%         5
 Yara's Violent Unravell  Hex/Tmut       6%           93%         5
 Airstrike                Air            1%           99%         4
 Animate Dead             Necr           1%           99%         4
 Cause Fear               Hex            1%           99%         4
 Dispel Undead            Necr           3%           99%         4
 Fulminant Prism          Conj/Hex       1%           99%         4
 Hailstorm                Conj/Ice       3%           99%         4
 Iskenderun's Mystic Bla  Conj/Tloc      3%           99%         4
 Passage of Golubria      Tloc           N/A          99%         4
 Sticky Flame             Conj/Fire      3%           99%         4
 Summon Ice Beast         Ice/Summ       3%           99%         4
 Summon Lightning Spire   Summ/Air       3%           99%         4
 Agony                    Necr           3%           100%        5
 Bolt of Magma            Conj/Fire/Erth 1%           100%        5
 Borgnjor's Vile Clutch   Necr/Erth      1%           100%        5
 Excruciating Wounds      Necr           1%           100%        5
 Fireball                 Conj/Fire      1%           100%        5
 Lee's Rapid Deconstruct  Erth           1%           100%        5
 Lightning Bolt           Conj/Air       1%           100%        5
 Metabolic Englaciation   Hex/Ice        1%           100%        5
 Summon Demon             Summ           1%           100%        5
 Summon Mana Viper        Hex/Summ       3%           100%        5
 Conjure Ball Lightning   Conj/Air       1%           100%        6
 Death Channel            Necr           1%           100%        6
 Eringya's Noxious Bog    Tmut/Pois      6%           100%        6
 Freezing Cloud           Conj/Ice/Air   1%           100%        6
 Invisibility             Hex            3%           100%        6
 Shadow Creatures         Summ           N/A          100%        6
 Simulacrum               Ice/Necr       1%           100%        6
 Starburst                Conj/Fire      1%           100%        6
 Haunt                    Necr/Summ      1%           100%        7
 Malign Gateway           Summ/Tloc      1%           100%        7
 Monstrous Menagerie      Summ           1%           100%        7
 Spellforged Servitor     Conj/Summ      1%           100%        7
 Summon Greater Demon     Summ           1%           100%        7
 Borgnjor's Revivificati  Necr           1%           100%        8
 Discord                  Hex            1%           100%        8
 Ignition                 Fire           1%           100%        8
 Infestation              Necr           1%           100%        8
 Necromutation            Tmut/Necr      6%           100%        8
 Summon Horrible Things   Summ           1%           100%        8
 Death's Door             Necr           1%           100%        9
 Shatter                  Erth           1%           100%        9
 Tornado                  Air            1%           100%        9
 Blink                    Tloc           Unusable     N/A         2
 Swiftness                Air            Unusable     N/A         2

Dungeon Overview and Level Annotations

Branches:
Dungeon (15/15)            Temple (1/1) D:4            Lair (6/6) D:11
  Swamp (4/4) Lair:4       Spider (4/4) Lair:4        Slime (5/5) Lair:5
    Orc (2/2) D:9             Elf (3/3) Orc:2        Vaults (5/5) D:13
  Crypt (3/3) Vaults:3       Tomb (0/3) Crypt:3      Depths (5/5) D:15
    Zot (0/5) Depths:5     WizLab (visited)         Gauntlet (visited)

Altars:
Cheibriados
Dithmenos
Fedhas
Gozag
Hepliaklqana
Kikubaaqudgha
Okawaru
Ru
Sif Muna
Trog
Vehumet
Wu Jian
Xom
Yredelemnul
Beogh
Jiyva

Shops:
D:5 !*   D:9 [[   D:11 (   D:14 *   Orc:2 ?((!((   Elf:1 [   Elf:2 ?   Elf:3 *
Lair:5 =   Spider:1 [   Slime:4 [   Vaults:1 (   Vaults:3 }   Vaults:4 ([
Depths:1 [!   Depths:3 [[}

Portals:
Hell: Depths:1 Depths:2 Depths:3 Depths:4 Depths:5
Abyss: Depths:2 Depths:4
Pandemonium: Depths:1 Depths:3 Depths:4
Ziggurat: Depths:4

Annotations:
D:6 3 runed translucent doors, Perttuleena's ghost, novice OpWn
Depths:4 1 runed translucent door, Ettaih's ghost, veteran DsIE


Innate Abilities, Weirdness & Mutations

You cannot be hasted, slowed, berserked, paralysed or teleported.
You can dig through walls and to a lower floor.
Your four strong arms can wield two-handed weapons with a shield.
You have a pair of large antennae on your head. (SInv)
You have a somewhat thin skeletal structure. (Dex +2, Stealth)
You are partially covered in yellow scales. (AC +2)
Scrolls take you much longer to read.
Your body sometimes deteriorates upon taking damage.
You occasionally shout uncontrollably at your foes.
Your movements are slightly less encumbered by armour. (ER -2)


Message History

You block the angel's attack.
The seraph gestures.
The seraph begins to accept its allies' injuries.
You thrash the ophan!!
The ophan's magic leaks into the air.
The ophan is almost dead.
You are engulfed in blessed fire.
* * * LOW HITPOINT WARNING * * *
You block the angel's attack. x2; The angel hits you but does no damage. x2
The ophan calls forth blessed flames!
Okay, then.
You are confused.
You feel invigorated.
You are engulfed in blessed fire.
The seraph hits you with a +7 great sword of flaming!!
* * * LOW HITPOINT WARNING * * *
Your body deteriorates!
You feel dopey. The seraph burns you.
* * * LOW HITPOINT WARNING * * *
The seraph hits you with a +7 great sword of flaming!!
You die...
Your body crumbles into a pile of gold.

#..# { #..# {{ ..8. #..#
...A. #..# #(#{### #..#
({A..8 #).##########
{.A...#
#.))....AAGA###GG'###.
#......AAGAAAAGAAA....
###'....GAA@AGA{GA......
#..############{{{....#
#..############{{{....#
####A.....{.§.8{{{....8.
.......{{{§{{{......
.........{8§§.....8. {
#........{..........
....##....8.......8.
...# ##.............


You could see a seraph (strong), 11 angels, 7 ophanim and 2 cherubim.

Vanquished Creatures
  A pandemonium lord (Pan)
  the Royal Jelly (Slime:5)
  2 ancient liches
  A juggernaut (Depths:4)
  Mara (Crypt:2)
  Bai Suzhen (Depths:3)
  Margery (Crypt:2)
  the Lernaean hydra (Swamp:4)
  Saint Roka (Crypt:3)
  A caustic shrike (Depths:4)
  2 golden dragons
  3 bone dragons
  the Enchantress (Depths:1)
  3 profane servitors
  A Tzitzimitl (Pan)
  An electric golem (WizLab)
  A Brimstone Fiend (Pan)
  7 tentacled monstrosities
  Rupert (Lair:4)
  Jorgrun (Swamp:2)
  A Hell Sentinel (Abyss:2)
  3 Ice Fiends (Pan)
  3 liches
  3 deep elf blademasters (Elf:2)
  4 titans
  3 deep elf master archers
  2 quicksilver dragons
  An Executioner (Pan)
  7 sphinxes
  22 acid blobs
  The ghost of loom the Blocker, an adept TrMo of Okawaru (Swamp:1)
  2 ancient champions
  11 tengu reavers
  8 tentacled starspawn
  2 thorn hunters
  Donald (Spider:1)
  5 shadow dragons
  A storm dragon (Depths:4)
  A daeva (Abyss:2)
  16 fire giants
  3 revenants
  A nagaraja (Abyss:3)
  The ghost of Mumnaschil the Spear-Bearer, an adept DsVM of Gozag (Depths:5)
  A draconian monk (Depths:5)
  13 azure jellies
  4 emperor scorpions
  9 deep elf sorcerers
  4 ghost moths (Spider:4)
  2 balrugs
  13 frost giants
  Louise (Swamp:2)
  Aizul (Swamp:1)
  15 vault wardens
  9 ghouls
  A warmonger (Pan)
  A draconian stormcaller (Abyss:2)
  An iron dragon (Depths:2)
  4 deep elf elementalists
  2 cacodemons (Pan)
  A corrupter (Pan)
  A reaper (Abyss:2)
  6 angels (Pan)
  6 spriggan defenders
  12 ironheart preservers
  3 ophanim (Pan)
  A draconian shifter (Depths:5)
  29 very ugly things
  2 war gargoyles
  21 stone giants
  6 deep elf demonologists
  13 vampire knights
  An apis (Pan)
  A purple draconian (Depths:5)
  12 spark wasps
  A white draconian (Depths:5)
  2 entropy weavers (shapeshifter)
  8 deep elf annihilators
  3 bunyips
  A yellow draconian (Depths:5)
  An eleionoma (Swamp:2)
  6 entropy weavers
  The ghost of Ryshrush the Cleaver, a journeyman MiBe of Trog (Lair:2)
  A minotaur (Gauntlet)
  A merfolk javelineer (Abyss:3)
  A lorocyproca (Depths:1)
  4 eidola
  A red draconian (Depths:5)
  A green death (Pan)
  2 blizzard demons (Pan)
  21 ettins
  4 deep elf high priests
  6 deep elf death magi
  2 crystal guardians (WizLab)
  18 jiangshi
  13 fire dragons
  9 death oozes
  Josephine (D:10)
  A great orb of eyes (shapeshifter) (Depths:1)
  A shambling mangrove (Swamp:3)
  17 yaktaur captains
  9 ice dragons
  7 spriggan air magi
  Fannar (Lair:2)
  28 vault guards
  13 great orbs of eyes
  11 rakshasas
  25 hydras
  An ice dragon (shapeshifter) (Depths:3)
  2 monstrous demonspawn (Pan)
  6 boulder beetles
  2 ghost crabs
  3 catoblepae
  13 centaur warriors
  A queen ant (D:8)
  41 two-headed ogres
  A spectral stone giant (Crypt:3)
  11 alligators
  8 death knights
  The ghost of rlgrobin the Covert, a journeyman KoDe of Uskayaw (D:15)
  19 ogre magi
  10 deep troll shamans
  4 hell hogs
  9 deep troll earth magi
  3 orc high priests
  A death scarab (Gauntlet)
  6 vampire magi
  7 thrashing horrors
  7 death yaks
  6 tengu warriors
  4 spriggan berserkers
  4 iron golems (WizLab)
  14 soul eaters
  A fire crab (Gauntlet)
  3 storm dragon zombies
  8 wretched stars
  40 deep elf knights
  11 sun demons
  2 goliath frogs
  4 spatial maelstroms (Abyss:2)
  A gelid demonspawn (Pan)
  4 shadow wraiths
  9 sixfirhies
  A spectral bunyip (Swamp:1)
  26 skeletal warriors
  8 hell knights
  A storm dragon skeleton (Crypt:1)
  2 torturous demonspawn (Depths:1)
  7 wizards
  A quicksilver dragon simulacrum (Abyss:2)
  An unseen horror (shapeshifter) (Depths:5)
  3 iron trolls (Depths:1)
  9 glowing orange brains
  4 bog bodies
  A cherub (Pan)
  2 swamp dragons (shapeshifter)
  3 spriggan druids
  2 unseen horrors
  17 deep elf archers
  A spectral goliath frog (Swamp:1)
  2 shadow demons (Abyss:2)
  19 deep trolls
  A golden dragon skeleton (Abyss:2)
  An infernal demonspawn (Pan)
  13 swamp dragons
  7 flayed ghosts
  4 harpies (Vaults:1)
  13 necromancers
  24 ironbrand convokers
  A lindwurm (shapeshifter) (Vaults:3)
  7 wolf spider zombies (Spider:1)
  16 phantasmal warriors
  7 orc knights
  21 orb spiders
  81 deep elf magi
  5 orc sorcerers
  10 shining eyes
  8 cyclopes
  5 will-o-the-wisps
  A salamander (shapeshifter) (Depths:2)
  2 manticores
  A spectral alligator (Swamp:1)
  2 moths of wrath
  A mana viper (shapeshifter) (Vaults:3)
  58 ugly things
  3 worldbinders
  38 wolf spiders
  A toenail golem (WizLab)
  2 human skeletons
  A spriggan zombie (Depths:3)
  A guardian serpent (Abyss:2)
  11 elephants
  A frost giant skeleton (D:15)
  5 black mambas
  2 molten gargoyles (Gauntlet)
  5 eyes of devastation
  2 orange demons
  5 apocalypse crabs
  A cane toad (shapeshifter) (Depths:3)
  8 smoke demons
  8 gargoyles
  A black draconian zombie (Crypt:2)
  2 torpor snails (Spider:3)
  14 vault sentinels
  15 cane toads
  A dire elephant skeleton (Abyss:2)
  A titan simulacrum (Depths:3)
  25 large abominations
  3 rime drakes
  A tormentor (Abyss:2)
  3 hellions
  A bunyip simulacrum (Swamp:1)
  3 ice devils
  11 freezing wraiths
  13 komodo dragons
  10 redback zombies (Spider:1)
  10 demonic crawlers
  2 efreet
  A golden dragon simulacrum (Abyss:2)
  46 yaktaurs
  3 yaktaur skeletons
  A komodo dragon (shapeshifter) (Vaults:5)
  5 ancient zymes
  3 hellwings
  14 trolls
  14 polar bears
  2 meliai (shapeshifter) (Depths:3)
  A moth of wrath zombie (Crypt:2)
  6 meliai
  7 tengu conjurers
  36 jumping spiders
  A queen ant zombie (Crypt:1)
  3 tyrant leeches
  A wind drake (shapeshifter) (Vaults:1)
  2 red devils
  41 hornets
  A jumping spider zombie (Crypt:1)
  10 raiju
  Prince Ribbit (D:8)
  A blink frog (shapeshifter) (Depths:4)
  8 blink frogs
  A spectral swamp dragon (Swamp:1)
  9 tarantella zombies (Spider:1)
  An ettin zombie (Vaults:2)
  139 slime creatures
  An eleionoma simulacrum (Swamp:1)
  A frost giant simulacrum (Vaults:2)
  A redback (shapeshifter) (Vaults:5)
  A spriggan (shapeshifter) (Vaults:3)
  4 shadows
  83 redbacks
  16 spriggans
  56 flying skulls
  31 tarantellas
  7 ynoxinuls
  4 water elementals
  2 air elementals
  A vampire (D:13)
  47 yaks
  An ettin skeleton (D:15)
  11 wraiths
  4 fire bats (Gauntlet)
  4 basilisks
  A fire bat (shapeshifter) (Depths:3)
  5 fire elementals
  A human (D:9)
  3 wyverns
  2 golden eyes (shapeshifter)
  4 golden eyes
  9 chaos spawn
  Grum (D:8)
  8 neqoxecs
  A spectral cane toad (Gauntlet)
  10 wargs
  A steam dragon (Lair:6)
  8 vampire mosquitoes
  Edmund (D:6)
  A glowing shapeshifter zombie (Crypt:2)
  15 soldier ants
  22 swamp worms
  2 insubstantial wisps (Abyss:2)
  2 acid dragons
  2 hydra simulacra (Swamp:1)
  16 hell hounds (Lair:6)
  A soldier ant (shapeshifter) (Vaults:1)
  2 floating eyes (shapeshifter)
  8 water moccasins
  13 swamp drakes
  3 floating eyes
  36 orc warriors
  3 ice beasts
  A hornet zombie (D:5)
  21 starcursed masses
  5 sky beasts
  14 black bears
  A black bear (shapeshifter) (Depths:2)
  A boulder beetle simulacrum (Vaults:1)
  An ice dragon simulacrum (Abyss:2)
  An alligator simulacrum (Swamp:1)
  6 eyes of draining
  A phantom (D:13)
  9 boggarts
  8 necrophages
  57 ogres
  A snapping turtle skeleton (Abyss:2)
  15 centaurs
  43 wolves
  2 elephant skeletons (Crypt:1)
  2 big kobolds
  A komodo dragon zombie (Crypt:2)
  2 big kobolds (shapeshifter)
  30 bullfrogs
  2 human zombies
  7 earth elementals
  A wyvern zombie (D:10)
  4 scorpions
  2 wyvern skeletons
  A swamp dragon simulacrum (Swamp:1)
  15 killer bees
  A water moccasin skeleton (Crypt:2)
  15 wights
  2 elf simulacra (Vaults:4)
  6 electric eels
  5 howler monkeys
  A crimson imp (Depths:1)
  A bullfrog zombie (D:8)
  4 centaur zombies
  4 hounds
  7 quasits
  2 bullfrog skeletons
  3 human simulacra
  21 orc priests
  A demonspawn skeleton (Crypt:2)
  A jelly (shapeshifter) (Vaults:4)
  3 jellies
  22 orc wizards
  8 centaur skeletons
  3 iron imps
  12 iguanas
  5 hell rats (Lair:1)
  41 worker ants
  A killer bee zombie (D:7)
  18 small abominations
  An ogre skeleton (Crypt:2)
  6 hound skeletons
  A howler monkey zombie (D:9)
  4 worker ant zombies
  2 howler monkey skeletons
  7 gnolls
  21 adders
  14 river rats
  5 shadow imps
  20 white imps
  6 ufetubi
  2 oozes
  A halfling zombie (Crypt:2)
  3 adder zombies (D:2)
  6 worms
  A barachi zombie (Crypt:2)
  2 dart slugs
  6 leopard geckos
  127 orcs
  A bat skeleton (D:2)
  3 bat zombies (D:2)
  4 giant cockroaches
  10 goblins
  7 hobgoblins
  15 jackals
  8 quokkas
  4 ball pythons
  10 bats
  9 frilled lizards
  A frilled lizard zombie (Crypt:1)
  2 giant cockroach zombies (D:2)
  A goblin zombie (Crypt:1)
  A jackal skeleton (D:5)
  19 kobolds
  A leopard gecko skeleton (D:7)
  2 quokka skeletons
  A quokka zombie (Crypt:2)
  14 rats
  A briar patch (Swamp:4)
  A lurking horror (Abyss:3)
3032 creatures vanquished.

Vanquished Creatures (collateral kills)
  Xtahua (Vaults:5)
  2 golden dragons (Vaults:5)
  A tentacled monstrosity (Vaults:5)
  2 titans (Vaults:5)
  An acid blob (Slime:5)
  A quicksilver dragon (Vaults:5)
  2 sphinxes (Vaults:5)
  2 storm dragons (Vaults:5)
  A tengu reaver (Vaults:5)
  2 shadow dragons (Vaults:5)
  An iron dragon (Vaults:5)
  A fire giant (Vaults:5)
  A frost giant (shapeshifter) (Vaults:5)
  A stone giant (Vaults:5)
  A deep elf demonologist (Vaults:5)
  A death ooze (Slime:5)
  2 ettins (Vaults:5)
  A deep elf high priest (Vaults:5)
  A yaktaur captain (Vaults:5)
  A boulder beetle (Vaults:5)
  5 vault guards (Vaults:5)
  A two-headed ogre (Vaults:5)
  An orc knight (Vaults:5)
  2 phantasmal warriors (Vaults:5)
  A freezing wraith (Vaults:5)
  A hornet (Vaults:5)
  A warg (Vaults:5)
  An ogre (Vaults:5)
  An orc (Vaults:5)
40 creatures vanquished.

Vanquished Creatures (others)
  3 tentacled monstrosities (Vaults:5)
  3 liches (Vaults:5)
  3 titans (Vaults:5)
  A sphinx (Vaults:5)
  A storm dragon (Vaults:5)
  A fire giant (D:14)
  2 tengu reavers (Vaults:5)
  2 deep elf sorcerers (Vaults:5)
  4 vault wardens (Vaults:5)
  A deep elf elementalist (Vaults:5)
  A very ugly thing (Vaults:5)
  3 ironheart preservers (Vaults:5)
  A war gargoyle (Vaults:5)
  2 stone giants (Vaults:5)
  A deep elf demonologist (Vaults:5)
  An ogre mage (Vaults:5)
  A two-headed ogre (Vaults:5)
  A rakshasa (Depths:3)
  5 yaktaur captains (Vaults:5)
  13 vault guards (Vaults:5)
  23 dancing weapons
  2 deep elf knights
  An orc knight (Vaults:5)
  3 deep trolls (Vaults:5)
  A phantasmal warrior (Vaults:5)
  2 ironbrand convokers (Vaults:5)
  3 yaktaurs (Vaults:5)
  A deep elf mage (Vaults:5)
  5 vault sentinels (Vaults:5)
  A yaktaur (shapeshifter) (Vaults:5)
  2 bloated husks
  A tyrant leech (Swamp:1)
  A chaos spawn (Pan)
  3 golden eyes (Abyss:2)
  A swamp worm (shapeshifter) (Vaults:5)
  A swamp drake (Swamp:4)
  5 ogres (Vaults:5)
  2 wolves (Lair:6)
  A boggart (Depths:4)
  A starcursed mass (Abyss:3)
  2 orc priests (Vaults:5)
  An orc wizard (Orc:1)
  A white imp (Abyss:2)
  2 orcs
  5 briar patches (Swamp:4)
  28 foxfires
  21 fungi
  A lurking horror (Abyss:3)
  88 plants
  42 starspawn tentacles
  7 toadstools (Swamp:3)
  9 withered plants
317 creatures vanquished.

Grand Total: 3389 creatures vanquished

Notes
Turn   | Place    | Note
-------+----------+-------------------------------------------
     0 | D:1      | Adamkad1 the Formicid Fighter began the quest for the Orb.
     0 | D:1      | Reached XP level 1. HP: 18/18 MP: 1/1
   253 | D:1      | Reached XP level 2. HP: 21/24 MP: 2/2
   467 | D:1      | Reached XP level 3. HP: 26/29 MP: 3/3
   876 | D:2      | Found a faded altar of an unknown god.
   895 | D:2      | Reached XP level 4. HP: 26/36 MP: 4/4
  1174 | D:2      | Found a snail-covered altar of Cheibriados.
  1196 | D:2      | Reached XP level 5. HP: 28/42 MP: 5/5
  1629 | D:3      | Reached skill level 5 in Shields
  1659 | D:3      | Reached XP level 6. HP: 45/48 MP: 6/6
  1846 | D:3      | Found a shimmering blue altar of Sif Muna.
  1869 | D:3      | Found an iron altar of Okawaru.
  2192 | D:3      | Found a hazy altar of Hepliaklqana.
  2422 | D:4      | Reached XP level 7. HP: 51/54 MP: 7/7
  3163 | D:4      | Found a staircase to the Ecumenical Temple.
  3172 | Temple   | Entered the Ecumenical Temple
  3228 | Temple   | Became a worshipper of Gozag Ym Sagoz the Greedy
  3418 | D:5      | Entered Level 5 of the Dungeon
  3476 | D:5      | Found a shimmering altar of Xom.
  3509 | D:5      | Found a bloodstained altar of Trog.
  3609 | D:5      | Reached skill level 5 in Staves
  3620 | D:5      | Reached skill level 5 in Armour
  3620 | D:5      | Reached XP level 8. HP: 39/61 MP: 8/8
  4010 | D:5      | Reached skill level 5 in Fighting
  4211 | D:5      | Found Bainkoj's Distillery.
  4220 | D:5      | Bought a potion of curing for 39 gold pieces
  4220 | D:5      | Bought a potion of heal wounds for 65 gold pieces
  4415 | D:5      | Found Quyx's General Store.
  4787 | D:6      | Noticed Edmund
  4803 | D:6      | Killed Edmund
  4811 | D:6      | Found an ancient bone altar of Kikubaaqudgha.
  5099 | D:6      | Found a runed translucent gate.
  5099 | D:6      | Found a runed translucent gate.
  5099 | D:6      | Found a runed translucent gate.
  5138 | D:6      | Noticed Perttuleena's ghost (novice OpWn)
  5295 | D:6      | Reached skill level 1 in Maces & Flails
  5439 | D:6      | Found a bloodstained altar of Trog.
  5502 | D:6      | Reached XP level 9. HP: 66/68 MP: 9/9
  6866 | D:7      | Gained mutation: Your mind is acute. (Int +2) [potion of
                  | mutation]
  6866 | D:7      | Gained mutation: You are agile. (Dex +2) [potion of
                  | mutation]
  7446 | D:8      | Reached XP level 10. HP: 62/77 MP: 10/10
  7459 | D:8      | Noticed Prince Ribbit
  7627 | D:8      | Killed Prince Ribbit
  7628 | D:8      | Reached skill level 5 in Maces & Flails
  7635 | D:8      | Reached skill level 10 in Shields
  8004 | D:8      | Noticed a queen ant
  8023 | D:8      | Killed a queen ant
  8180 | D:8      | Reached XP level 11. HP: 84/85 MP: 11/11
  8343 | D:8      | Noticed Grum
  8361 | D:8      | Killed Grum
  8763 | D:8      | Found a radiant altar of Vehumet.
  9535 | D:9      | Found a staircase to the Orcish Mines.
  9908 | D:9      | Found Waim's Antique Armour Shop.
  9911 | D:9      | Bought a glowing plate armour for 676 gold pieces
 10354 | D:10     | Entered Level 10 of the Dungeon
 10652 | D:10     | Noticed an ogre mage
 10950 | D:10     | Noticed Josephine
 11200 | D:11     | Noticed a brown ugly thing
 11218 | D:11     | Killed a brown ugly thing
 11319 | D:11     | Bought a crude spear for 240 gold pieces
 11319 | D:11     | Identified the +5 spear "Ultimatum" {venom, Int+4} (You
                  | bought it in a shop on level 11 of the Dungeon)
 11378 | D:11     | Noticed a five-headed hydra
 11637 | D:10     | Found the +3 sling "Punk" {acid, rCorr}
 11966 | D:10     | Killed Josephine
 11967 | D:10     | Reached XP level 12. HP: 41/94 MP: 12/12
 12538 | D:10     | Killed an ogre mage
 12783 | D:10     | Killed a five-headed hydra
 13114 | D:11     | Found a staircase to the Lair.
 13826 | D:12     | Reached skill level 10 in Maces & Flails
 14231 | D:12     | Reached XP level 13. HP: 95/102 MP: 13/13
 14305 | D:12     | Found a roughly hewn altar of Beogh.
 14316 | D:12     | Reached skill level 10 in Armour
 14695 | D:13     | Noticed a boulder beetle
 14734 | D:13     | Killed a boulder beetle
 14735 | D:13     | Reached skill level 10 in Fighting
 14827 | D:13     | Noticed a centaur warrior
 14844 | D:13     | Killed a centaur warrior
 15208 | D:13     | Noticed a centaur warrior
 15215 | D:13     | Killed a centaur warrior
 15382 | D:13     | Found a gate to the Vaults.
 15382 | D:13     | Noticed a vault guard
 15382 | D:13     | Noticed a vault guard
 15382 | D:13     | Noticed a vault guard
 15382 | D:13     | Noticed a vault guard
 15407 | D:13     | Killed a vault guard
 15418 | D:13     | Killed a vault guard
 15422 | D:13     | Killed a vault guard
 15423 | D:13     | Reached skill level 15 in Shields
 15523 | D:13     | Killed a vault guard
 16728 | D:14     | Noticed a catoblepas
 16773 | D:14     | Noticed a fire giant
 16797 | D:14     | Identified 2 scrolls of acquirement
 16797 | D:14     | Acquired an uncursed amulet of reflection
 16809 | D:14     | Killed a fire giant
 16810 | D:14     | Reached XP level 14. HP: 23/113 MP: 3/14
 17145 | D:14     | Noticed a fire giant
 17469 | D:14     | Got a brightly glowing ring mail
 17472 | D:14     | Identified the +4 ring mail "Vizam" {-Cast rElec rCorr
                  | Int+7} (You found it on level 14 of the Dungeon)
 18280 | D:14     | Noticed a tengu reaver
 18321 | D:14     | Killed a tengu reaver
 18604 | D:14     | Got a fading chain mail
 18605 | D:14     | Identified the +4 chain mail of the Cartwright {Rampage rF+
                  | Dex+5} (You found it on level 14 of the Dungeon)
 18620 | D:14     | You fall into a shaft and drop 1 floor!
 18620 | D:15     | Entered Level 15 of the Dungeon
 19282 | D:14     | Killed a fire giant
 19466 | D:14     | Bought a blackened granite ring for 135 gold pieces
 19466 | D:14     | Bought a scroll of enchant armour for 202 gold pieces
 21198 | D:15     | Reached XP level 15. HP: 122/122 MP: 15/15
 21662 | D:15     | Found a runed translucent gate.
 21662 | D:15     | Noticed rlgrobin's ghost (journeyman KoDe)
 21663 | D:15     | Found a runed translucent gate.
 21664 | D:15     | Found a runed translucent gate.
 21961 | D:15     | Found a staircase to the Depths.
 22330 | Lair:1   | Entered Level 1 of the Lair of Beasts
 22996 | Lair:1   | Reached skill level 1 in Evocations
 24419 | Lair:2   | Noticed Ryshrush's ghost (journeyman MiBe)
 24420 | Lair:2   | Found a runed translucent door.
 24440 | Lair:2   | Noticed Fannar
 24497 | Lair:2   | Killed Fannar
 24630 | Lair:2   | Got a dazzling plate armour
 24633 | Lair:2   | Identified the cursed +0 plate armour of Dogma {rPois rN+
                  | Will+ Str+2} (You found it on level 2 of the Lair of
                  | Beasts)
 24658 | Lair:2   | Found a frozen archway.
 25601 | Lair:2   | Killed Ryshrush's ghost
 26633 | Lair:3   | Acquired a manual of Armour
 26796 | Lair:4   | Noticed Rupert
 26837 | Lair:4   | Killed Rupert
 26838 | Lair:4   | Reached XP level 16. HP: 132/132 MP: 16/16
 27261 | Lair:4   | Found a staircase to the Swamp.
 27693 | Lair:4   | Found a hole to the Spider Nest.
 28113 | Lair:4   | Acquired 476 gold pieces
 28989 | Lair:5   | Found a viscous altar of Jiyva.
 28989 | Lair:5   | Found a staircase to the Slime Pits.
 29461 | Lair:6   | Entered Level 6 of the Lair of Beasts
 29467 | Lair:6   | Reached skill level 15 in Armour
 29507 | Lair:6   | Found a gate leading to a gauntlet.
 29516 | Gauntlet | Entered a Gauntlet
 29516 | Gauntlet | Found a transporter.
 29516 | Gauntlet | Found a transporter.
 29516 | Gauntlet | Found a runed translucent gate.
 29519 | Gauntlet | Found a runed translucent gate.
 29525 | Gauntlet | Found a runed translucent gate.
 29532 | Gauntlet | Found a transporter.
 29536 | Gauntlet | Found a transporter.
 29578 | Gauntlet | Found a transporter.
 29582 | Gauntlet | Found a transporter.
 29646 | Gauntlet | Found a transporter.
 29647 | Gauntlet | Found a transporter.
 29660 | Gauntlet | Found a transporter.
 29677 | Gauntlet | Found a transporter.
 29692 | Gauntlet | Found a transporter.
 29696 | Gauntlet | Found a transporter.
 29698 | Gauntlet | Found a runed translucent door.
 29706 | Gauntlet | Found a runed translucent door.
 29778 | Gauntlet | Got a pitted platinum ring
 29785 | Gauntlet | Identified the ring "Jevi" {MP+9 Str+4 SInv} (You found it
                  | in a Gauntlet)
 30000 | Gauntlet | Got a coiled iron ring
 30019 | Gauntlet | Identified the +3 flail "Qip Zoj" {drain, rN+++ Str+2 Int+4
                  | SInv}
 30410 | Lair:6   | Reached skill level 5 in Evocations
 32052 | Lair:6   | Reached XP level 17. HP: 127/140 MP: 17/17
 32298 | Lair:5   | Bought the amulet of Wuwnuff {RegenMP rElec rF++} for 738
                  | gold pieces
 32306 | Lair:5   | Identified the ring of Pocioch {MP+9 Str+6} (You found it
                  | in a Gauntlet)
 32424 | Spider:1 | Entered Level 1 of the Spider Nest
 32847 | Spider:1 | Reached skill level 15 in Fighting
 33579 | Spider:1 | Noticed Donald
 33583 | Spider:1 | Reached skill level 15 in Maces & Flails
 33609 | Spider:1 | Killed Donald
 34254 | Spider:1 | Acquired 1300 gold pieces
 34271 | Spider:1 | Acquired a +1 eveningstar of holy wrath
 34288 | Spider:1 | Acquired 790 gold pieces
 34313 | Spider:1 | Bought a +0 tower shield of fire resistance for 172 gold
                  | pieces
 36268 | Spider:2 | Got a pair of distressingly furry boots
 36279 | Spider:2 | Identified the +1 pair of boots "Beqov" {rF- Will+ Int+3}
                  | (You found it on level 2 of the Spider Nest)
 36684 | Spider:2 | Reached XP level 18. HP: 141/151 MP: 18/18
 38413 | Spider:4 | Entered Level 4 of the Spider Nest
 41039 | Spider:4 | Got a gossamer rune of Zot
 41193 | Lair:3   | Upgraded the game from 0.26-a0-1131-g5f66e2dd50 to
                  | 0.26-a0-1132-ge9770dfcb6
 41294 | Orc:1    | Entered Level 1 of the Orcish Mines
 41479 | Orc:2    | Entered Level 2 of the Orcish Mines
 41479 | Orc:2    | Found Patac's Weapon Shop.
 41581 | Orc:1    | Reached XP level 19. HP: 159/159 MP: 19/19
 42633 | Orc:2    | Found a staircase to the Elven Halls.
 42775 | Orc:2    | Found Vilil's Magic Scroll Emporium.
 42791 | Orc:2    | Bought a scroll of acquirement for 780 gold pieces
 42791 | Orc:2    | Bought a scroll of identify for 30 gold pieces
 42791 | Orc:2    | Bought a scroll of identify for 30 gold pieces
 42846 | Orc:2    | Found Peeciemn's Distillery.
 42904 | Orc:2    | Found Muvvyih's Antique Weapon Boutique.
 42905 | Orc:2    | Found Zafoz's Weapon Boutique.
 42967 | Orc:2    | Bought a lajatang for 435 gold pieces
 42973 | Orc:2    | Bought a potion of mutation for 96 gold pieces
 42973 | Orc:2    | Bought a potion of mutation for 96 gold pieces
 42973 | Orc:2    | Bought a potion of curing for 36 gold pieces
 42973 | Orc:2    | Bought a potion of curing for 36 gold pieces
 42973 | Orc:2    | Bought a potion of resistance for 120 gold pieces
 42973 | Orc:2    | Bought a potion of curing for 36 gold pieces
 42973 | Orc:2    | Bought a potion of curing for 36 gold pieces
 43441 | Orc:2    | Acquired a manual of Maces & Flails
 43602 | Swamp:1  | Entered Level 1 of the Swamp
 43915 | Swamp:1  | Found a runed translucent gate.
 43942 | Swamp:1  | Found a runed translucent gate.
 43944 | Swamp:1  | Found a runed translucent gate.
 43948 | Swamp:1  | Noticed loom's ghost (adept TrMo)
 44162 | Swamp:1  | Noticed Aizul
 44182 | Swamp:1  | Killed Aizul
 44992 | Swamp:2  | Noticed Louise
 45006 | Swamp:2  | Killed Louise
 45290 | Swamp:2  | Noticed Jorgrun
 45305 | Swamp:2  | Killed Jorgrun
 46446 | Swamp:4  | Entered Level 4 of the Swamp
 46833 | Swamp:4  | Got a distressingly furry ring mail
 46834 | Swamp:4  | Identified the cursed +1 ring mail of Nosacupt {Regen+}
                  | (You found it on level 4 of the Swamp)
 47467 | Swamp:4  | Reached XP level 20. HP: 168/168 MP: 20/20
 48021 | Swamp:4  | Noticed the 27-headed Lernaean hydra
 48063 | Swamp:4  | Killed the 27-headed Lernaean hydra
 48634 | Swamp:4  | Got a decaying rune of Zot
 48816 | Swamp:1  | Killed loom's ghost
 49247 | Lair:4   | Learned a level 1 spell: Apportation
 49250 | Lair:4   | Learned a level 2 spell: Passwall
 49254 | Lair:4   | Learned a level 3 spell: Frozen Ramparts
 49258 | Lair:4   | Learned a level 3 spell: Vampiric Draining
 49262 | Lair:4   | Learned a level 3 spell: Ozocubu's Armour
 49266 | Lair:4   | Learned a level 3 spell: Lesser Beckoning
 49270 | Lair:4   | Learned a level 3 spell: Teleport Other
 49424 | Elf:1    | Entered Level 1 of the Elven Halls
 49561 | Elf:1    | Found a radiant altar of Vehumet.
 50107 | Elf:1    | Identified the Collected Works on Creation
 50376 | Elf:1    | Reached skill level 10 in Evocations
 50671 | Elf:1    | Found Avvalit's Antique Armour Shoppe.
 50682 | Elf:1    | Bought a twisted cloak for 351 gold pieces
 50682 | Elf:1    | Identified the +0 cloak of Weirdness {Slay+3} (You bought
                  | it in a shop on level 1 of the Elven Halls)
 51843 | Elf:2    | Reached XP level 21. HP: 177/177 MP: 21/21
 51930 | Elf:2    | Found Esesah's Magic Scroll Shoppe.
 52156 | Elf:2    | Found a runed translucent gate.
 52156 | Elf:2    | Found a runed translucent gate.
 52157 | Elf:2    | Found a runed translucent gate.
 53090 | Elf:3    | Entered Level 3 of the Elven Halls
 53095 | Elf:3    | Bought an encrusted chain mail for 237 gold pieces
 53095 | Elf:3    | Bought a distressingly furry chain mail for 237 gold pieces
 53095 | Elf:3    | Identified the cursed +0 chain mail "Kuut" {-Cast rF- Str+3
                  | Dex+4 Stlth+} (You bought it in a shop on level 3 of the
                  | Elven Halls)
 53096 | Elf:3    | Identified the +6 chain mail of the Endless Expanse {Harm
                  | rC+ Will+} (You bought it in a shop on level 3 of the Elven
                  | Halls)
 56299 | Elf:2    | Reached XP level 22. HP: 104/187 MP: 22/22
 56909 | Elf:3    | Identified the +7 trident "Mat Akei" {drain, +Fly}
 56909 | Elf:3    | Identified the cursed +1 robe "Povoschi" {rElec Will-
                  | Int+2}
 57316 | Elf:3    | Identified the Grimoire of Shifting Conjuration
 57382 | Elf:3    | Got a smoking mace
 57385 | Elf:3    | Identified the +3 mace of Armageddon {elec, Will++ Int+5
                  | Dex-4} (You found it on level 3 of the Elven Halls)
 57406 | Elf:3    | Got a jewelled battleaxe
 57407 | Elf:3    | Identified the +5 battleaxe of Integrity {vorpal, rPois
                  | Int+3} (You found it on level 3 of the Elven Halls)
 57437 | Elf:3    | Got a brightly glowing ring mail
 57438 | Elf:3    | Identified the +1 ring mail of the Orcish Mines {Regen+
                  | Dex+6} (You found it on level 3 of the Elven Halls)
 57480 | Elf:3    | Got a smoking marble ring
 57485 | Elf:3    | Identified the ring "Sawkood" {rF+ Str+4 Int+3 SInv Stlth+}
                  | (You found it on level 3 of the Elven Halls)
 57621 | Elf:3    | Got an encrusted glaive
 57622 | Elf:3    | Identified the +8 glaive "Dragonslayer" {pain, +Inv rC-
                  | Int+10 Dex-4} (You found it on level 3 of the Elven Halls)
 57773 | D:9      | Bought a +2 tower shield of cold resistance for 279 gold
                  | pieces
 57773 | D:9      | Bought a +2 pair of boots of flying for 279 gold pieces
 57784 | D:9      | Bought a +2 pair of gloves of dexterity for 279 gold pieces
 57926 | Slime:1  | Entered Level 1 of the Pits of Slime
 58963 | Slime:1  | Gained mutation: Armour fits poorly on your strangely
                  | shaped body. [a shining eye]
 59403 | Slime:1  | Gained mutation: You have large cloven feet. [a shining
                  | eye]
 59602 | Slime:1  | You are sucked into a shaft and drop 1 floor!
 64655 | Slime:3  | Gained mutation: You do not regenerate when monsters are
                  | visible. [a shining eye]
 65065 | Slime:1  | Gained mutation: Your spells are a little easier to cast,
                  | but a little less powerful. [a shining eye]
 66268 | Slime:4  | Gained mutation: Your flesh is heat resistant. (rF+) [a
                  | shining eye]
 66269 | Slime:4  | Gained mutation: You are weak. (Str -2) [a shining eye]
 66767 | Slime:4  | Lost mutation: You do not regenerate when monsters are
                  | visible. [potion of mutation]
 66767 | Slime:4  | Lost mutation: Your spells are a little easier to cast, but
                  | a little less powerful. [potion of mutation]
 66767 | Slime:4  | Gained mutation: Your flesh is cold resistant. (rC+)
                  | [potion of mutation]
 66767 | Slime:4  | Gained mutation: You are very agile. (Dex +4) [potion of
                  | mutation]
 66767 | Slime:4  | Gained mutation: You are partially covered in yellow
                  | scales. (AC +2) [potion of mutation]
 66873 | Slime:5  | Entered Level 5 of the Pits of Slime
 67046 | Slime:5  | Reached XP level 23. HP: 142/196 MP: 23/23
 67391 | Slime:5  | Gained mutation: Your body sometimes deteriorates upon
                  | taking damage. [a shining eye]
 67600 | Slime:4  | Lost mutation: Armour fits poorly on your strangely shaped
                  | body. [potion of mutation]
 67600 | Slime:4  | Lost mutation: You are weak. (Str -2) [potion of mutation]
 67600 | Slime:4  | Lost mutation: Your mind is acute. (Int +2) [potion of
                  | mutation]
 67600 | Slime:4  | Gained mutation: You expend magic power (3 MP) to
                  | strengthen your wands. [potion of mutation]
 67600 | Slime:4  | Gained mutation: Your muscles are strong. (Str +2) [potion
                  | of mutation]
 67865 | Slime:5  | Lost mutation: You are very agile. (Dex +4) [a shining eye]
 68021 | Slime:4  | Lost mutation: Your flesh is heat resistant. (rF+) [potion
                  | of mutation]
 68021 | Slime:4  | Lost mutation: Your flesh is cold resistant. (rC+) [potion
                  | of mutation]
 68021 | Slime:4  | Lost mutation: You expend magic power (3 MP) to strengthen
                  | your wands. [potion of mutation]
 68021 | Slime:4  | Gained mutation: You are very agile. (Dex +4) [potion of
                  | mutation]
 68021 | Slime:4  | Gained mutation: You are partially covered in slimy green
                  | scales. (AC +2) [potion of mutation]
 68021 | Slime:4  | Gained mutation: You are robust. (+10% HP) [potion of
                  | mutation]
 68022 | Slime:4  | Lost mutation: Your body sometimes deteriorates upon taking
                  | damage. [potion of mutation]
 68022 | Slime:4  | Lost mutation: You have large cloven feet. [potion of
                  | mutation]
 68022 | Slime:4  | Lost mutation: You are partially covered in yellow scales.
                  | (AC +2) [potion of mutation]
 68022 | Slime:4  | Gained mutation: Your mind is acute. (Int +2) [potion of
                  | mutation]
 68022 | Slime:4  | Gained mutation: You are resistant to electric shocks.
                  | (rElec) [potion of mutation]
 68066 | Slime:4  | Bought runed storm dragon scales for 2905 gold pieces
 68107 | Slime:5  | Found a viscous altar of Jiyva.
 68107 | Slime:5  | Noticed the Royal Jelly
 69406 | Slime:5  | Killed the Royal Jelly
 69939 | Slime:5  | Got an ancient plate armour
 69940 | Slime:5  | Identified the cursed +1 plate armour of Gest {+Inv Dex+3}
                  | (You found it on level 5 of the Pits of Slime)
 69968 | Slime:5  | Got a slimy rune of Zot
 69970 | Slime:5  | Got a fading battleaxe
 69971 | Slime:5  | Identified the +8 battleaxe "Afeonic" {distort, Dex+5 SInv}
                  | (You found it on level 5 of the Pits of Slime)
 70081 | Slime:5  | Got a warped whip
 70086 | Slime:5  | Identified the +8 whip of the Vaults {antimagic, rPois rF-
                  | rC++ Str+2} (You found it on level 5 of the Pits of Slime)
 70232 | Lair:5   | Upgraded the game from 0.26-a0-1132-ge9770dfcb6 to
                  | 0.26-a0-1138-gef23d1325b
 70378 | Depths:1 | Entered Level 1 of the Depths
 70683 | Depths:1 | Found a one-way gate leading to the halls of Pandemonium.
 70849 | Depths:1 | Noticed the Enchantress
 70925 | Depths:1 | Killed the Enchantress
 72689 | Depths:1 | Found a gateway to Hell.
 72891 | Depths:1 | Reached XP level 24. HP: 225/225 MP: 10/23
 73149 | Depths:2 | Found a one-way gate to the infinite horrors of the Abyss.
 74816 | Depths:2 | Identified the +7 quarterstaff of the Leaping Priest
                  | {flame, rC- rN++}
 76401 | Depths:3 | Reached XP level 25. HP: 231/232 MP: 10/23
 76602 | Depths:3 | Found Caowul's Gadget Boutique.
 76604 | Depths:3 | Found Toetieha's Antique Armour Shop.
 76606 | Depths:3 | Found Junocva's Armour Boutique.
 79129 | Depths:3 | Noticed Bai Suzhen
 79312 | Depths:3 | Killed Bai Suzhen
 79612 | Depths:4 | Found a flickering gateway to a bazaar.
 79619 | Bazaar   | Entered a bazaar
 79623 | Bazaar   | Found Doast's Jewellery Boutique.
 79641 | Bazaar   | Found Roilioc's General Store.
 79646 | Bazaar   | Bought a potion of curing for 27 gold pieces
 79646 | Bazaar   | Bought a potion of curing for 27 gold pieces
 79646 | Bazaar   | Bought a potion of might for 36 gold pieces
 79660 | Bazaar   | Found Fungasul's Book Boutique.
 79665 | Bazaar   | Bought a book of the Sky for 910 gold pieces
 79677 | Bazaar   | Found Uzal's Distillery.
 79682 | Bazaar   | Bought a potion of curing for 36 gold pieces
 79682 | Bazaar   | Bought a potion of resistance for 120 gold pieces
 79682 | Bazaar   | Bought a potion of resistance for 120 gold pieces
 79682 | Bazaar   | Bought a potion of curing for 36 gold pieces
 79682 | Bazaar   | Bought a potion of mutation for 96 gold pieces
 79682 | Bazaar   | Bought a potion of might for 48 gold pieces
 79700 | Bazaar   | Bought the ring "Juli" {+Fly rC+ rCorr} for 433 gold pieces
 80166 | Depths:4 | Found a gateway to a ziggurat.
 80973 | Depths:4 | Identified the Guide on Lightness
 81127 | Depths:4 | Reached XP level 26. HP: 239/246 MP: 7/23
 81278 | Depths:4 | Noticed a juggernaut
 81301 | Depths:4 | Killed a juggernaut
 81761 | Depths:4 | Got a scorched chain mail
 81762 | Depths:4 | Identified the +3 chain mail of Lesser Demons {rPois rF-
                  | rCorr SInv} (You found it on level 4 of the Depths)
 81970 | Depths:4 | Found a runed translucent door.
 81970 | Depths:4 | Noticed Ettaih's ghost (veteran DsIE)
 81970 | Depths:4 | Noticed a juggernaut
 82553 | Depths:5 | Entered Level 5 of the Depths
 84363 | Depths:5 | Found a gate to the Realm of Zot.
 85270 | Depths:5 | Found a runed translucent gate.
 85270 | Depths:5 | Found a runed translucent gate.
 85271 | Depths:5 | Found a runed translucent gate.
 85271 | Depths:5 | Noticed Mumnaschil's ghost (adept DsVM)
 85298 | Depths:5 | Killed Mumnaschil's ghost
 85487 | Vaults:1 | Entered Level 1 of the Vaults
 85981 | Vaults:1 | Reached XP level 27. HP: 255/256 MP: 7/23
 88235 | Vaults:2 | Reached skill level 15 in Evocations
 90141 | Vaults:3 | Found a magical portal.
 90146 | WizLab   | Entered Doroklohe's Tomb
 91152 | Vaults:3 | Got a scorched jade ring
 91153 | Vaults:3 | Identified the ring of Goonlef {rF+ SInv Stlth+} (You found
                  | it on level 3 of the Vaults)
 91401 | Vaults:3 | Found a portal to a secret trove of treasure.
 91505 | Vaults:3 | Found a staircase to the Crypt.
 92210 | Vaults:3 | Found Soesed's Gadget Shoppe.
 93722 | Vaults:4 | Found Jahipy's Armour Shop.
 94896 | Vaults:4 | Found Leecsu's Weapon Shop.
 94989 | Vaults:5 | Entered Level 5 of the Vaults
 95114 | Vaults:5 | Identified the +5 broad axe of Courage {vorpal, rElec rPois
                  | Will+}
 95117 | Vaults:5 | Identified the +5 mace of Infinity {elec, Dex+2}
 95135 | Vaults:5 | Identified the Papyrus of Enchanting Flames
 95138 | Vaults:5 | Identified the Incunabulum of the Earthen Frostbite
 95670 | Vaults:5 | Got a silver rune of Zot
 95804 | Vaults:5 | Noticed Xtahua
 96262 | Vaults:5 | Identified the Papyrus of Creative Combat Magic
 96532 | Vaults:5 | Identified Witchcraft in Simple Steps
 96672 | Vaults:5 | Got a brightly glowing iron amulet
 96693 | Vaults:5 | Killed Xtahua
 97387 | Depths:2 | Voluntarily entered the Abyss.
 97394 | Abyss:1  | Found a corrupted altar of Lugonu.
 99173 | Abyss:2  | Gained mutation: Armour fits poorly on your strangely
                  | shaped body. [a neqoxec]
 99329 | Abyss:2  | Lost mutation: You are very agile. (Dex +4) [a neqoxec]
100323 | Abyss:2  | Lost mutation: You are robust. (+10% HP) [a neqoxec]
100339 | Abyss:2  | Gained mutation: Scrolls take you a little longer to read.
                  | [a neqoxec]
100352 | Abyss:2  | Gained mutation: Scrolls take you longer to read. [a
                  | neqoxec]
100507 | Abyss:2  | Found a basalt altar of Yredelemnul.
100535 | Abyss:2  | Gained mutation: You sometimes yell uncontrollably at your
                  | foes. [a neqoxec]
100649 | Abyss:2  | Noticed an ancient lich
100681 | Abyss:2  | Killed an ancient lich
100849 | Abyss:3  | Gained mutation: Potions are less effective at restoring
                  | your health. [a neqoxec]
101331 | Abyss:3  | Got an abyssal rune of Zot
101437 | Depths:2 | Escaped the Abyss
101739 | Depths:2 | Lost mutation: Your mind is acute. (Int +2) [potion of
                  | mutation]
101739 | Depths:2 | Lost mutation: Armour fits poorly on your strangely shaped
                  | body. [potion of mutation]
101739 | Depths:2 | Gained mutation: You are very agile. (Dex +4) [potion of
                  | mutation]
101739 | Depths:2 | Gained mutation: You are frail. (-10% HP) [potion of
                  | mutation]
101739 | Depths:2 | Gained mutation: You are very frail. (-20% HP) [potion of
                  | mutation]
101739 | Depths:2 | Gained mutation: You are surrounded by a mild repulsion
                  | field. (EV +2) [potion of mutation]
101740 | Depths:2 | Lost mutation: You are very agile. (Dex +4) [potion of
                  | mutation]
101740 | Depths:2 | Lost mutation: Scrolls take you longer to read. [potion of
                  | mutation]
101740 | Depths:2 | Lost mutation: Scrolls take you a little longer to read.
                  | [potion of mutation]
101740 | Depths:2 | Gained mutation: You are partially covered in yellow
                  | scales. (AC +2) [potion of mutation]
101741 | Depths:2 | Lost mutation: Potions are less effective at restoring your
                  | health. [potion of mutation]
101741 | Depths:2 | Lost mutation: You are partially covered in slimy green
                  | scales. (AC +2) [potion of mutation]
101741 | Depths:2 | Lost mutation: Your muscles are strong. (Str +2) [potion of
                  | mutation]
101741 | Depths:2 | Lost mutation: You are very frail. (-20% HP) [potion of
                  | mutation]
101741 | Depths:2 | Gained mutation: Your movements are slightly less
                  | encumbered by armour. (ER -2) [potion of mutation]
101741 | Depths:2 | Gained mutation: You have sharp toenails. [potion of
                  | mutation]
101742 | Depths:2 | Lost mutation: You are agile. (Dex +2) [potion of mutation]
101742 | Depths:2 | Lost mutation: You are surrounded by a mild repulsion
                  | field. (EV +2) [potion of mutation]
101742 | Depths:2 | Lost mutation: You are frail. (-10% HP) [potion of
                  | mutation]
101742 | Depths:2 | Lost mutation: You have sharp toenails. [potion of
                  | mutation]
101742 | Depths:2 | Gained mutation: You have a somewhat thin skeletal
                  | structure. (Dex +2, Stealth) [potion of mutation]
101742 | Depths:2 | Gained mutation: Scrolls take you a little longer to read.
                  | [potion of mutation]
101742 | Depths:2 | Lost mutation: You are resistant to electric shocks.
                  | (rElec) [potion of mutation]
101742 | Depths:2 | Gained mutation: You have an increased reservoir of magic.
                  | (+10% MP) [potion of mutation]
101745 | Depths:2 | Identified the amulet of the Messenger {Spirit +Blink
                  | Slay+3} (You found it on level 5 of the Vaults)
101844 | Depths:2 | Learned a level 5 spell: Silence
102014 | Crypt:1  | Entered Level 1 of the Crypt
102014 | Crypt:1  | Found a shimmering altar of Xom.
102075 | Crypt:1  | Reached skill level 1 in Transmutations
102194 | Crypt:1  | Got a crude plate armour
102198 | Crypt:1  | Identified the +8 plate armour "Tefes" {+Blink rPois rF+
                  | Str-3} (You found it on level 1 of the Crypt)
102864 | Crypt:1  | Found a basalt altar of Yredelemnul.
103138 | Crypt:2  | Identified Osoisiah's Guide on Excruciating Poisoning
103723 | Lair:5   | Bought the ring of Neigob {+Inv rN+ Str+3 SInv} for 534
                  | gold pieces
103971 | Crypt:2  | Noticed Mara
103988 | Crypt:2  | Killed Mara
104685 | Crypt:3  | Entered Level 3 of the Crypt
104685 | Crypt:3  | Noticed Margery
104696 | Crypt:2  | Killed Margery
105340 | Crypt:3  | Found a basalt altar of Yredelemnul.
105401 | Crypt:3  | Noticed Saint Roka
105428 | Crypt:3  | Killed Saint Roka
106412 | Crypt:3  | Found a staircase to the Tomb.
106412 | Crypt:3  | Noticed an ancient lich
106413 | Crypt:3  | Found the +12 Vampire's Tooth {vamp}
106421 | Crypt:3  | Killed an ancient lich
106735 | Crypt:3  | Got a steaming mace
106740 | Crypt:3  | Identified the cursed +0 mace of Inarawk {drain, rC+ rN+
                  | Will+} (You found it on level 3 of the Crypt)
106977 | D:15     | Killed rlgrobin's ghost
107030 | D:14     | Bought a glistering book for 405 gold pieces
107202 | Depths:1 | Acquired 713 gold pieces
107205 | Depths:1 | Acquired the +1 pair of gloves of the Old World {rCorr
                  | Str-3 Int+5 Stlth+}
107225 | Depths:1 | Bought a potion of curing for 51 gold pieces
107225 | Depths:1 | Bought a potion of curing for 51 gold pieces
107225 | Depths:1 | Bought a potion of heal wounds for 85 gold pieces
107364 | Vaults:3 | You paid a toll of 12 potions of heal wounds to enter a
                  | treasure trove
107365 | Trove    | Entered a treasure trove
107369 | Trove    | Found the ring of the Mage {Wiz Will++ Int+3}
107371 | Trove    | Got a coiled wooden ring
107377 | Trove    | Got a faintly glowing turquoise ring
107381 | Trove    | Got a sparkling tin ring
107385 | Trove    | Got a wavering wooden ring
107392 | Trove    | Identified the ring of Emuwemuz {rPois rC+ EV+4} (You found
                  | it in a treasure trove)
107394 | Trove    | Identified the ring "Ymamo Zeumm" {+Blink rN+ MP+9} (You
                  | found it in a treasure trove)
107396 | Trove    | Identified the ring "Tuigh" {+Fly rElec rPois Slay+4} (You
                  | found it in a treasure trove)
107398 | Trove    | Identified the ring of Damejyra {MP+9 EV+4} (You found it
                  | in a treasure trove)
107410 | Trove    | Got a brightly glowing wooden ring
107413 | Trove    | Identified the ring of Johuhik {Wiz Int+7 Dex+3 Slay-5}
                  | (You found it in a treasure trove)
107416 | Trove    | Got a flickering marble ring
107419 | Trove    | Identified the ring "Osib Foe" {+Fly rElec Str+6 Int+4
                  | Stlth-} (You found it in a treasure trove)
107420 | Trove    | Got a heavily runed marble ring
107422 | Trove    | Got a scorched iron ring
107426 | Trove    | Identified the ring "Jufaak Efosu" {rPois Dex+4} (You found
                  | it in a treasure trove)
107428 | Trove    | Identified the ring of Suspected Treachery {rElec rF+ rC-
                  | Will+} (You found it in a treasure trove)
107605 | Pan      | Entered Pandemonium
107629 | Pan      | Gained mutation: Scrolls take you longer to read. [a
                  | cacodemon]
107999 | Pan      | Noticed Hoycaf the pandemonium lord
108016 | Pan      | Killed Hoycaf the pandemonium lord
108053 | Pan      | Lost mutation: You have an increased reservoir of magic.
                  | (+10% MP) [a neqoxec]
108054 | Pan      | Gained mutation: Scrolls take you much longer to read. [a
                  | neqoxec]
108079 | Pan      | Gained mutation: Your body sometimes deteriorates upon
                  | taking damage. [a neqoxec]
109581 | Pan      | Noticed Qaytumnu the pandemonium lord
109984 | Pan      | Identified the +3 tower shield of Catatonia {Harm Str+2
                  | SInv}
110048 | Pan      | Noticed a seraph
110077 | Pan      | HP: 12/244 [seraph/+7 great sword of flaming (32)]
110077 | Pan      | Annihilated by a seraph

Illustrated notes

Levels and vault maps discovered:
D:1:      minmay_arrival_wavy_path, layout_loops_ring, roderic_serpentine_path,
          minmay_misc_feat_more_columns
D:2:      layout_rooms, cheibriados_altar_1,
          chequers_ecumenical_altar_simple_redux, serial_undead,
          serial_undead_c, serial_undead_d, serial_undead_f, serial_undead_e,
          serial_undead_f, serial_undead_d, serial_undead_a, serial_undead_e,
          serial_undead_c, serial_undead_d
D:3:      layout_rooms, lemuel_round_altar, overflow_temple_1_default,
          lemuel_doored_altar
D:4:      layout_cave_pools, minmay_temple_entry_wispy, serial_column_ruins,
          column_ruins_pillar_7, column_ruins_pillar_3, column_ruins_pillar_4,
          column_ruins_pillar_1, column_ruins_pillar_1, column_ruins_pillar_2,
          column_ruins_pillar_2, column_ruins_pillar_7, column_ruins_pillar_1,
          column_ruins_pillar_1, column_ruins_pillar_1, column_ruins_pillar_5,
          column_ruins_pillar_9, column_ruins_pillar_2, column_ruins_pillar_2,
          column_ruins_pillar_1
D:5:      layout_rooms, xom_teletrap_fun, nicolae_overflow_hidden_temple,
          basic_altar, serial_shops, shop, shop
D:6:      layout_loops_ring, marbit_many_paths, gammafunk_ghost_icy,
          lemuel_altar_in_water2, uniq_edmund
D:7:      minmay_thinvault, layout_gridville
D:8:      layout_loops_ring, lemuel_crystal_altar, zaba_anthell,
          uniq_prince_ribbit1, uniq_grum
D:9:      layout_roguey [special_room_orc], erik_orc_4, serial_shops,
          nicolae_shop_behind_doors
D:10:     layout_irregular_city, minmay_diamond_spiral, uniq_josephine
D:11:     layout_basic, erik_lair_island, minmay_misc_feat_encased,
          minmay_diced_spiral
D:12:     layout_basic, special_room [special_room_orc]
D:13:     layout_loops_corners, lightli_vaults_fourway_checkpoint
D:14:     cross_vault, layout_gridville, minmay_tree_intersection,
          lemuel_old_faithful
D:15:     gammafunk_depths_entry_grave, layout_irregular_city,
          gammafunk_ghost_hydra_chop, minmay_misc_feat_tower
Temple:   dpeg_chambers_temple
Lair:1:   lemuel_ratsnest, layout_cave_pods, serial_bayou_shore_a
Lair:2:   layout_cave_pods, portal_ice_cave_entry_imps,
          ebering_ghost_inner_flame, eino_small_chamber_without_monster,
          cheibrodos_lair_lostbears, uniq_fannar
Lair:3:   layout_regular_city, chequers_serial_rivers_micro_c,
          grunt_megastairs_1
Lair:4:   minmay_lair_venomous_thicket, layout_cave_pods, swamp_mist,
          spider_nest_entry_rubble, worms_lemuel, infiniplex_staircase_pool_2,
          uniq_rupert
Lair:5:   layout_cave_pods, dpeg_slime_entry_enclosed_altar, grunt_megastairs_2,
          lemuel_fruit_fields
Lair:6:   hangedman_lair_caniforms_friends, layout_regular_city,
          guppyfry_lair_end_dragon, gauntlet_entry_generic, pond
Swamp:1:  layout_basic_swamp, gammafunk_ghost_necromancy,
          nicolae_swamp_treefoil, uniq_aizul
Swamp:2:  layout_basic_swamp, evilmike_swamp_ruin_rubble_2, uniq_louise,
          uniq_jorgrun
Swamp:3:  cheibrodos_swamp_tower_of_moss, layout_falls_marsh,
          hangedman_swamp_ruin_wall
Swamp:4:  swamp_old_school, layout_basic_swamp, swamp_pool5
Spider:1: lemuel_spider_zombies, nicolae_spider_webbed_stairs, uniq_donald
Spider:2: layout_spider_delve, drop_trap, hive_lemuel,
          hangedman_spider_tarantella_strand
Spider:3: layout_chambers
Spider:4: grunt_spider_rune_parallel
Slime:1:  layout_caves
Slime:2:  layout_caves
Slime:3:  layout_caves
Slime:4:  layout_caves
Slime:5
Orc:1:    layout_caves
Orc:2:    st_orc_open, layout_caves, serial_shops, nicolae_shop_crystal
Elf:1:    eino_elf_arrival_altar, layout_loops_cross, serial_shops,
          nicolae_shop_waterfront, minmay_elf_demonology
Elf:2:    layout_loops_cross, serial_shops,
          nicolae_shop_competitors_out_of_business
Elf:3:    minmay_elf_hall_furrowed, layout_geoelf_castle
Vaults:1: nicolae_vaults_network_s, nicolae_vaults_big_angled_halls,
          hangedman_vaults_corner, v_misc_25, v_misc_4,
          nicolae_vaults_hallways_thing, st_more_cells, hangedman_vaults_maws,
          vaults_room_fours, hangedman_vaults_stitches,
          vaults_dpeg_encased_lava, nicolae_vaults_specimen_jars,
          layout_vaults_ring
Vaults:2: hangedman_vaults_locks, hangedman_vaults_maws, vaults_room_door_hall,
          nicolae_vaults_little_squares_2, v_misc_19,
          nicolae_vaults_border_crossing, nicolae_vaults_little_squares_4,
          nicolae_vaults_little_squares_1, ontoclasm_vaults_gateway,
          vaults_dpeg_ring, layout_vaults_omnigrid
Vaults:3: minmay_crypt_entry_simple_round, ontoclasm_vaults_fault, v_misc_10,
          nicolae_vaults_angled_halls, ontoclasm_vaults_echo,
          vaults_room_hallway, v_misc_26, v_misc_12, ontoclasm_vaults_tryst,
          v_misc_11, dpeg_vaults_monster_box, hangedman_vaults_pinch,
          ontoclasm_vaults_ring_small, ontoclasm_vaults_shuriken,
          ontoclasm_vaults_decontamination, nicolae_vaults_little_squares_4,
          layout_vaults_omnibox, mu_enter_wizlab_4, enter_trove_5, serial_shops,
          shop_fountains
Vaults:4: hangedman_vaults_variations, grunt_vaults_focal,
          nicolae_vaults_rhombus_7, v_rooms_5, v_misc_23,
          hangedman_vaults_nails, dpeg_vaults_monster_row,
          nicolae_vaults_alarming, vaults_room_corners, v_misc_16,
          ontoclasm_vaults_claustrophobia, nicolae_vaults_little_squares_1,
          layout_vaults_omnicross, serial_shops, nicolae_shop_waterfront,
          nicolae_shop_crystal
Vaults:5: uniq_xtahua
Crypt:1:  layout_catacombs, hangedman_feature_mirror
Crypt:2:  layout_gridlike, lemuel_nasty_fountain, uniq_mara
Crypt:3:  grunt_crypt_end_deaths_head, uniq_saint_roka, uniq_margery
Depths:1: layout_gridville, lightli_too_deep, grunt_pan_entry_spiral,
          grunt_decor_clamped, serial_bayou_crossing, uniq_enchantress
Depths:2: hangedman_box_tower, layout_gridville, hangedman_abyss_entry_splay,
          small_statue_intersection, hell_entry,
          hangedman_abyss_or_decor_lesser_grid
Depths:3: minmay_nested_s, layout_gridlike, pf_vacation_house_of_asmodeus,
          infiniplex_staircase_x, rand_demon_pan_entry_4, nrook_loot_triangle,
          minmay_alternating_orb, minmay_shop_star, firewood_loft,
          uniq_bai_suzhen
Depths:4: cell_vault, layout_cave_shapes, enter_ziggurat_d, pan_entry,
          minmay_stone_trees_small, abyss_entry_glasseish,
          ebering_ghost_inner_flame, hell_entry, serial_shops,
          bzr_entry_customers, infiniplex_staircase_zigzag_2
Depths:5: evilmike_zot_entry_hall, layout_basic, ebering_ghost_rock_garden,
          hangedman_coc_ice_floe, hex_tiny, grunt_megastairs_3
Pan:      evilmike_mini_pan_other_thingy, layout_irregular_city,
          pan_blood_fountain_2, evilmike_mini_pan_layers, layout_gridlike,
          pan_blood_fountain_2, nicolae_pan_mnolegish_2, evilmike_holy_pan

Skill      XL: |  1  2  3  4  5  6  7  8  9 10 11 12 13 14 15 16 17 18 19 20 21 22 23 24 25 26 27 |
---------------+----------------------------------------------------------------------------------+-----
Shields        | 4 5 6 8 9 11 12 14 15 16 17 18 19 20 21 22 23 26 | 26.4
Staves         | 3 4 5 6 |  6.1
Armour         | 4 5 6 7 9 11 12 13 15 17 18 19 20 21 22 23 26 | 26.8
Fighting       | 4 5 6 7 8 9 11 12 13 14 15 16 17 18 19 20 21 22 25 | 25.6
Maces & Flails | 1 4 6 9 10 11 12 13 14 15 16 17 18 19 20 21 22 25 | 25.3
Evocations     | 3 5 6 8 9 10 11 12 13 14 17 | 17.6
Transmutations | 7 |  7.6
Spellcasting   | 4 |  4.9

Action                   |  1- 3 |  4- 6 |  7- 9 | 10-12 | 13-15 | 16-18 | 19-21 | 22-24 | 25-27 || total
-------------------------+-------+-------+-------+-------+-------+-------+-------+-------+-------++-------
Melee: Quarterstaff      |   100 |   206 |   231 |       |       |       |       |       |       ||   537
       Dire flail        |       |       |   192 |   850 |  1215 |   986 |  1369 |   637 |       ||  5249
       Spear             |       |       |       |    61 |       |       |       |       |       ||    61
       Flail             |       |       |       |       |       |   964 |       |       |   299 ||  1263
       Whip              |       |       |       |       |       |       |       |  1450 |  5639 ||  7089
       Eveningstar       |       |       |       |       |       |       |       |       |   941 ||   941
Invok: Call Merchant     |       |       |       |     1 |     1 |     2 |     2 |     2 |     3 ||    11
       Potion Petition   |       |       |       |       |     1 |       |       |     1 |    11 ||    13
       Bribe Branch      |       |       |       |       |       |       |       |       |     3 ||     3
 Abil: Dig               |       |       |       |     6 |    27 |    50 |    30 |    58 |    54 ||   225
       Shaft Self        |       |       |       |       |     1 |       |       |       |       ||     1
Evoke: Wand              |       |       |       |     6 |     3 |     1 |       |    11 |       ||    21
  Use: Scroll            |       |     4 |     9 |     9 |    15 |    11 |    11 |    13 |    34 ||   106
       Potion            |       |       |     6 |     1 |     5 |     6 |     3 |     7 |     8 ||    36
 Stab: Distracted        |       |       |       |     1 |     3 |    14 |    17 |    22 |    44 ||   101
       Confused          |       |       |       |     1 |       |       |       |     2 |       ||     3
       Invisible         |       |       |       |       |       |       |     3 |       |     2 ||     5
       Sleeping          |       |       |       |       |       |       |       |     1 |       ||     1
       Paralysed         |       |       |       |       |       |       |       |       |     2 ||     2
       Betrayed ally     |       |       |       |       |       |       |       |       |     1 ||     1
Armor: Scale mail        |    69 |    92 |    86 |       |       |       |       |       |       ||   247
       Plate armour      |       |       |    60 |   347 |   175 |   600 |   282 |   252 |  1017 ||  2733
       Ring mail         |       |       |       |       |   124 |       |       |       |       ||   124
       Chain mail        |       |       |       |       |     2 |    63 |       |       |       ||    65
       Skin              |       |       |       |       |       |     1 |       |       |       ||     1
       Storm dragon scal |       |       |       |       |       |       |       |    85 |       ||    85
Dodge: Dodged            |    42 |    70 |   114 |   132 |   166 |   304 |   146 |   129 |   444 ||  1547
Block: Kite shield       |    70 |   118 |   237 |   481 |   743 |   861 |       |       |       ||  2510
       Reflection        |       |       |       |       |    14 |     2 |    91 |    52 |   215 ||   374
       Tower shield      |       |       |       |       |       |   835 |  1291 |  1595 |  5517 ||  9238

Table legend: (Time is in decaauts)
 A = Elapsed time spent in this place.
 B = Non-inter-level travel time spent in this place.
 C = Inter-level travel time spent in this place.
 D = Time resting spent in this place.
 E = Time spent auto-exploring this place.
 F = Levels seen in this place.
 G = Mean time per level.
                   A        B        C        D        E       F      G
               +--------+--------+--------+--------+--------+-----+--------+
         Total | 104822 |  99640 |   5182 |  33531 |  37047 |  63 | 1663.8 |
       Dungeon |  23335 |  21836 |   1499 |   7405 |   9007 |  15 | 1555.7 |
        Temple |    100 |     73 |     27 |      0 |     60 |   1 |  100.0 |
          Lair |  10404 |   9622 |    782 |   1972 |   5665 |   6 | 1734.0 |
         Swamp |   5584 |   5379 |    205 |   2236 |   1881 |   4 | 1396.0 |
   Spider Nest |   8361 |   8027 |    334 |   2146 |   3525 |   4 | 2090.2 |
    Slime Pits |  11490 |  11304 |    186 |   7444 |   1271 |   5 | 2298.0 |
  Orcish Mines |   2160 |   2067 |     93 |    495 |    962 |   2 | 1080.0 |
   Elven Halls |   8056 |   7823 |    233 |   3022 |   2487 |   3 | 2685.3 |
        Vaults |   9757 |   8822 |    935 |    887 |   4999 |   5 | 1951.4 |
         Crypt |   4059 |   3817 |    242 |    359 |   2022 |   3 | 1353.0 |
        Depths |  13903 |  13260 |    643 |   4692 |   4568 |   5 | 2780.6 |
         Abyss |   3457 |   3457 |      0 |    867 |    326 |   3 | 1152.3 |
   Pandemonium |   2359 |   2359 |      0 |   1306 |    106 |   3 |  786.3 |
        Bazaar |     94 |     94 |      0 |      0 |     52 |   1 |   94.0 |
         Trove |     81 |     81 |      0 |      0 |      0 |   1 |   81.0 |
        Wizlab |    942 |    942 |      0 |    449 |    113 |   1 |  942.0 |
      Gauntlet |    673 |    673 |      0 |    250 |      0 |   1 |  673.0 |
               +--------+--------+--------+--------+--------+-----+--------+

Top non-repeatable levels by time:
 Slime:2: 5202 daAuts
    D:14: 4051 daAuts
Depths:3: 3542 daAuts
   Elf:2: 3499 daAuts
Depths:2: 3300 daAuts
 Abyss:2: 2809 daAuts
Spider:3: 2665 daAuts
   Elf:3: 2655 daAuts
Vaults:3: 2654 daAuts
Depths:1: 2631 daAuts
    D:13: 2387 daAuts
Depths:5: 2386 daAuts
 Slime:4: 2288 daAuts
Spider:1: 2287 daAuts
  Lair:5: 2064 daAuts
